 Dungeon Crawl Stone Soup version 0.16.1-30-g34a7ffa (webtiles) character file.

257 Yawgmoth the Digger (level 6, -4/32 HPs)
             Began as a Gargoyle Earth Elementalist on June 12, 2015.
             Slain by an ice beast (6 damage)
             ... on level 5 of the Dungeon.
             The game lasted 00:25:54 (3441 turns).

Yawgmoth the Digger (Gargoyle Earth Elementalist)   Turns: 3441, Time: 00:25:54

Health: -4/32      AC:  8    Str: 11    XL:     6   Next: 16%
Magic:  1/15       EV: 14    Int: 18    God:
Gold:   158        SH:  0    Dex: 10    Spells: 1 memorised, 12 levels left

rFire  x . .     SeeInvis .     L - -3 hunting sling (curse)
rCold  + . .     Clarity  .     n - +0 leather armour
rNeg   + . .     SustAb   .     (no shield)
rPois  ∞         Gourm    .     (no helmet)
rElec  +         Spirit   .     (no cloak)
rCorr  .         Warding  .     i - +0 pair of gloves
rMut   .         Stasis   .     (no boots)
MR     .....                    (no amulet)
Stlth  ++........               h - ring of ice
                                u - +3 ring of evasion

@: not resistant to hostile enchantments, unstealthy
A: negative energy resistance 1, electricity resistance, unbreathing,
petrification resistance, rot immunity, AC +4
a: no special abilities


You were on level 5 of the Dungeon.
You were not hungry.

You visited 1 branch of the dungeon, and saw 5 of its levels.

You collected 185 gold pieces.
You spent 27 gold pieces at shops.

Inventory:

Hand weapons
 g - a +0 dagger
 j - a +0 dagger
 s - a +0 short sword
 F - a +0 blowgun
 L - a cursed -3 hunting sling (weapon)
Missiles
 b - 66 stones (quivered)
 G - 7 poisoned needles
Armour
 c - a +0 robe
 i - a +0 pair of gloves (worn)
 n - a +0 leather armour (worn)
Jewellery
 h - a ring of ice (right hand)
 t - an uncursed ring of protection from fire
 u - a +3 ring of evasion (left hand)
 A - an uncursed ring of positive energy
 B - an uncursed ring of protection from magic
 D - a +4 ring of intelligence {unknown}
Scrolls
 e - a scroll of immolation {unknown}
 k - 2 scrolls of amnesia {unknown}
 m - 3 scrolls of identify {unknown}
 q - a scroll of recharging {unknown}
 v - a scroll of remove curse {unknown}
 w - 2 scrolls of fog {unknown}
 y - a scroll of teleportation {unknown}
 E - a scroll of noise {unknown}
 K - a scroll of magic mapping {unknown}
Potions
 o - a potion of magic {unknown}
 p - a potion of curing {unknown}
 r - a potion of heal wounds {unknown}
 H - a potion of restore abilities {unknown}
 I - a potion of cancellation {unknown}
 J - a potion of brilliance {unknown}
Books
 d - a book of Geomancy

   Spells                             Type                      Level
   a - Sandblast                      Earth                        1
   b - Stoneskin                      Transmutation/Earth          2
   c - Passwall                       Transmutation/Earth          3
   d - Stone Arrow                    Conjuration/Earth            3
   e - Petrify                        Transmutation/Earth          4
   f - Lee's Rapid Deconstruction     Earth                        5
Comestibles
 a - 5 bread rations
 f - a slice of pizza
 l - 4 beef jerkies
 x - 2 royal jellies
 z - 2 meat rations
 C - a chunk of flesh


   Skills:
 - Level 0.2 Fighting
 - Level 1.8 Dodging
 - Level 2.1 Stealth
 + Level 4.0 Spellcasting
   Level 0.7 Transmutations
 + Level 6.3 Earth Magic


You had 12 spell levels left.
You knew the following spells:

 Your Spells              Type           Power        Failure   Level  Hunger
a - Sandblast             Erth           ####..       1%          1    None


Dungeon Overview and Level Annotations

Branches:
Dungeon (5/15)
 Temple: D:4-7

Altars:
Ashenzari
Nemelex Xobeh
The Shining One

Shops:
D:4 *


Innate Abilities, Weirdness & Mutations

You are resistant to torment.
You are immune to poison.
Your stone body is very resilient (AC +4).
You resist negative energy.
You are resistant to electric shocks.
You can survive without breathing.
You are immune to petrification.
You are immune to rotting.


Message History

The blast of sand hits the ice beast.
The ice beast is severely wounded.
The ice beast misses you.
Casting: Sandblast
Confirm with . or Enter, or press ? or * to list all spells.
Aiming: Sandblast
Press: ? - help, Shift-Dir - straight line, f/p - ice beast
Aim: an ice beast (severely wounded)
The blast of sand hits the ice beast.
The ice beast is severely wounded.
The ice beast misses you.
Casting: Sandblast
Confirm with . or Enter, or press ? or * to list all spells.
Aiming: Sandblast
Press: ? - help, Shift-Dir - straight line, f/p - ice beast
Aim: an ice beast (severely wounded)
The blast of sand misses the ice beast.
The ice beast hits you.
* * * LOW HITPOINT WARNING * * *
The ice beast freezes you. You resist.
You die...

#. #.
#.##### #
#.#...#.#
#.#...#.#
#.......###
#..........
#..Y....#
###@..###
#...#
#[.....
##..#....
#.. .P. ...
♣ .... #..


You could see an ice beast.

Vanquished Creatures
  A scorpion (D:4)
  An orc priest (D:3)
  7 adders
  A giant mite (D:3)
  4 worms (D:2)
  3 giant geckos
  4 oozes
  5 orcs
  2 ball pythons
  5 bats
  3 giant cockroaches
  9 hobgoblins
  2 jackals (D:3)
  2 kobolds
  3 quokkas
  3 giant newts
  10 goblins
  12 rats
77 creatures vanquished.

Notes
Turn   | Place    | Note
--------------------------------------------------------------
     0 | D:1      | Yawgmoth, the Gargoyle Earth Elementalist, began the quest for the Orb.
     0 | D:1      | Reached XP level 1. HP: 10/10 MP: 3/3
   402 | D:1      | Reached XP level 2. HP: 15/15 MP: 2/4
   468 | D:1      | Reached skill level 4 in Earth Magic
   956 | D:1      | Reached XP level 3. HP: 17/19 MP: 3/6
  1111 | D:2      | Found a sparkling altar of Nemelex Xobeh.
  1403 | D:2      | Reached XP level 4. HP: 21/24 MP: 1/8
  2103 | D:2      | Reached skill level 5 in Earth Magic
  2332 | D:3      | Reached XP level 5. HP: 14/28 MP: 5/11
  3041 | D:3      | Found a glowing golden altar of the Shining One.
  3106 | D:4      | Found Yfaud's General Store.
  3115 | D:4      | Bought 23 stones for 27 gold pieces
  3150 | D:4      | Reached skill level 6 in Earth Magic
  3150 | D:4      | Reached XP level 6. HP: 32/32 MP: 13/15
  3177 | D:4      | Found a shattered altar of Ashenzari.
  3424 | D:5      | Entered Level 5 of the Dungeon
  3441 | D:5      | Slain by an ice beast

Action                   |  1- 3 |  4- 6 || total
-------------------------+-------+-------++-------
Melee: Unarmed           |     7 |       ||     7
       Dagger            |     7 |       ||     7
       Short sword       |     6 |    41 ||    47
 Fire: Blowgun           |       |    21 ||    21
       Hunting sling     |       |     3 ||     3
 Cast: Sandblast         |    65 |   123 ||   188
 Stab: Sleeping          |       |     2 ||     2
  Eat: Chunk             |     2 |     6 ||     8
